Construct Section Command Post
Selects Indian Artillery Battlegroup
Construct Field Infirmary
Construct Platoon Command Post
Selects Towed ML 4.2-inch Heavy Mortar
6-pounder Anti-tank Gun Team
Selects Off-map Airburst Barrage
Towed ML 4.2-inch Heavy Mortar
Construct Company Command Post
Selects Perimeter Monitor
Selects Gurkha Rifles Section
Unlock Towed 17-pounder Anti-tank Guns
Unlock M3 Grant Medium Tanks
17-pounder Anti-tank Gun Team